 Dungeon Crawl Stone Soup version 0.32-a0-999-gfa1cc04b1d (webtiles) character file.

Game seed: 9514817248441350433

155588 BubbleThief the Hermetic (level 17, -7/170 HPs)
             Began as a Naga Alchemist on Apr 24, 2024.
             Was a High Priest of Vehumet.
             Mangled by a crystal guardian (30 damage)
             ... summoned by Mlioglotl
             ... on level 1 of the Swamp.
             The game lasted 01:44:39 (27980 turns).

BubbleThief the Hermetic (Naga Alchemist)          Turns: 27980, Time: 01:44:39

Health: -7/170     AC: 22    Str: 11    XL:     17   Next: 65%
Magic:  0/36       EV:  6    Int: 37    God:    Vehumet [*****.]
Gold:   2239       SH:  9    Dex: 13    Spells: 4/37 levels left

rFire   + + .        F - +7 mace of Arrival {elec, rElec Stlth+}
rCold   + + .        Q - +2 buckler
rNeg    . . .        W - +5 moon troll leather armour {Spirit, Regen++ MP+5}
rPois   +            J - +0 helmet {Int+3}
rElec   +            S - scarf {rC+ rF+}
rCorr   .            l - +2 pair of gloves
SInv    +            s - +2 barding {rC+}
Will    ++...        T - amulet of Sadage {rPois rF+ RegenMP+ SInv}
Stlth   +++          k - +6 ring of intelligence
HPRegen 2.08/turn    V - +6 ring of intelligence
MPRegen 0.65/turn

%: guardian spirit
@: afraid, fragile (+50% incoming damage), very slow
A: AC +5, large, see invisible, deformed body, poison resistance, slowness 2,
spit poison 1, naga tail 2
a: Spit Poison, Renounce Religion


You were on level 1 of the Swamp.
You worshipped Vehumet.
Vehumet was extremely pleased with you.
You visited 5 branches of the dungeon, and saw 24 of its levels.
You also visited: Bailey and Gauntlet.

You collected 3622 gold pieces.
You spent 1383 gold pieces at shops.

Inventory:

Hand Weapons
 y - a +2 falchion of flaming
 D - a +8 broad axe
 F - the +7 mace of Arrival (weapon) {elec, rElec Stlth+}
   (You found it in a bailey)

   rElec:     It insulates you from electricity.
   Stlth+:    It makes you more stealthy.
Missiles
 M - a throwing net
Armour
 l - a +2 pair of gloves (worn)
 s - a +2 barding of cold resistance (worn)
 w - a +0 tower shield
 J - a +0 helmet of intelligence (worn)
 L - a +0 kite shield
 N - the +0 helmet "Kiylaeh" {rN+}
   (You found it in a Gauntlet)

   rN+:       It protects you from negative energy.
 Q - a +2 buckler (worn)
 S - a scarf of resistance (worn)
 W - the +5 moon troll leather armour (worn) {Spirit, Regen++ MP+5}
   (You found it on level 5 of the Lair of Beasts)

   MP+5:      It affects your magic capacity (+5).
   Regen++:   It increases your rate of health regeneration.
 Z - a +2 robe of resistance
Jewellery
 k - a +6 ring of intelligence (left hand)
 u - a ring of resist corrosion
 z - a ring of willpower
 G - a ring of protection from cold
 T - the amulet of Sadage (around neck) {rPois rF+ RegenMP+ SInv}
   (You acquired it on level 13 of the Dungeon)

   [amulet of magic regeneration]

   It increases your rate of magic regeneration.
   rF+:       It protects you from fire.
   rPois:     It protects you from poison.
   SInv:      It lets you see invisible.
   RegenMP+:  It increases your rate of magic regeneration.
 V - a +6 ring of intelligence (right hand)
 Y - a +4 ring of slaying
Wands
 A - a wand of mindburst (20)
 B - a wand of polymorph (15)
 I - a wand of roots (13)
 X - a wand of light (2)
Scrolls
 a - 7 scrolls of poison
 c - 4 scrolls of amnesia
 f - 9 scrolls of enchant weapon
 i - 3 scrolls of identify
 j - 11 scrolls of teleportation
 o - 7 scrolls of fear
 t - a scroll of revelation
 C - 3 scrolls of fog
 E - a scroll of acquirement
 H - 6 scrolls of immolation
 K - 5 scrolls of blinking
 U - a scroll of enchant armour
Potions
 b - 3 potions of magic
 d - 8 potions of curing
 e - 7 potions of might
 g - 7 potions of heal wounds
 h - 3 potions of attraction
 m - 2 potions of mutation
 n - 4 potions of enlightenment
 q - 3 potions of invisibility
 r - 4 potions of ambrosia
 v - 7 potions of haste
 x - a potion of brilliance
 O - a potion of cancellation
 P - 2 potions of lignification
 R - 2 potions of berserk rage
Miscellaneous
 p - a phantom mirror (inert)


   Skills:
 + Level 15.4 Fighting
 - Level 1.5 Dodging
 - Level 3.0 Stealth
 + Level 13.7 Shields
 + Level 10.5 Spellcasting
 - Level 12.0 Conjurations
 - Level 17.0 Alchemy


You had 4 spell levels left.
You knew the following spells:

 Your Spells              Type           Power      Damage    Failure   Level
a - Fulsome Fusillade     Conj/Alch      45%        (3-5)d14  16%         8
b - Mephitic Cloud        Conj/Alch/Air  74%        N/A       1%          3
c - Olgreb's Toxic Radia  Alch           98%        N/A       1%          4
d - Sticky Flame          Fire/Alch      70%        2d11      1%          4
e - Irradiate             Conj/Alch      45%        3d26      1%          5
f - Ignite Poison         Fire/Alch      70%        N/A       1%          4
g - Yara's Violent Unrav  Hex/Alch       35%        3d14      1%          5

Your spell library contained the following spells:

 Spells                   Type           Power      Damage    Failure   Level
 Plasma Beam              Fire/Air       9%         2x1d20    75%         6
 Sting                    Conj/Alch      100%       1d9       0%          1
 Freeze                   Ice            76%        1d8       1%          1
 Kiss of Death            Conj/Necr      100%       2d13      1%          1
 Cigotuvi's Dreadful Rot  Necr/Alch/Air  100%       N/A       1%          2
 Mercury Vapours          Alch/Air       100%       N/A       1%          2
 Hailstorm                Conj/Ice       59%        3d11      1%          3
 Fulminant Prism          Conj/Alch      45%        3d21      1%          4
 Iskenderun's Mystic Bla  Conj/Tloc      59%        2d12      (+2d61%     4
 Petrify                  Alch/Erth      70%        N/A       1%          4
 Frozen Ramparts          Ice            38%        1d6       2%          3
 Slow                     Hex            76%        N/A       3%          1
 Ensorcelled Hibernation  Hex/Ice        38%        N/A       4%          2
 Call Canine Familiar     Summ           19%        N/A       10%         3
 Confusing Touch          Hex            19%        N/A       10%         3
 Fugue of the Fallen      Necr           19%        N/A       10%         3
 Sigil of Binding         Hex            19%        N/A       10%         3
 Summon Ice Beast         Ice/Summ       19%        N/A       10%         3
 Tukima's Dance           Hex            19%        N/A       10%         3
 Vampiric Draining        Necr           19%        2d7       10%         3
 Anguish                  Hex/Necr       9%         N/A       32%         4
 Animate Armour           Summ/Erth      38%        N/A       32%         4
 Dimensional Bullseye     Hex/Tloc       9%         N/A       32%         4
 Dispel Undead            Necr           19%        3d11      32%         4
 Martyr's Knell           Necr/Summ      19%        N/A       32%         4
 Freezing Cloud           Conj/Ice/Air   24%        6-21      5%          5
 Bombard                  Conj/Erth      29%        9d5       12%         6
 Lee's Rapid Deconstruct  Erth           9%         3d7*      24%         5
 Summon Mana Viper        Hex/Summ       19%        N/A       67%         5
 Magnavolt                Erth/Air       9%         3d11      99%         7
 Monstrous Menagerie      Summ           9%         N/A       100%        7
 Summon Hydra             Summ           9%         N/A       100%        7
 Chain Lightning          Conj/Air       29%        3d39      100%        9
 Fire Storm               Conj/Fire      29%        8d8       100%        9
 Shatter                  Erth           9%         3d11*     100%        9


Dungeon Overview and Level Annotations

Branches:
Dungeon (15/15)            Temple (1/1) D:4            Lair (5/5) D:10
  Swamp (1/4) Lair:2        Snake (0/4) Lair:2        Slime (0/5) Lair:4
    Orc (2/2) D:11            Elf (0/3) Orc:2        Vaults (0/5) D:13
 Depths (0/4) D:15         Bailey (visited)         Gauntlet (visited)

Altars:
Ashenzari
Cheibriados
Dithmenos
Elyvilon
Fedhas
Gozag
Hepliaklqana
Kikubaaqudgha
Makhleb
Nemelex Xobeh
Okawaru
Qazlal
Ru
Sif Muna
Trog
Uskayaw
Vehumet
Wu Jian
Xom
Yredelemnul
Zin
The Shining One
Beogh

Shops:
D:3 (   D:9 ?   D:13 ?   Orc:1 *   Orc:2 **[:

Portals:
Pandemonium: Orc:2

Annotations:
D:7 2 transporters
Lair:1 exclusion: obsidian statue
Lair:5 Gadrel's ghost, journeyman TrCA
Swamp:1 Mlioglotl


Innate Abilities, Weirdness & Mutations

Your serpentine skin is tough. (AC +5)
You have supernaturally acute eyesight. (SInv)
Armour fits poorly on your strangely shaped body.
Your system is resistant to poisons. (rPois)
You cover ground very slowly.
You can spit poison.
You can use your snake-like lower body to constrict enemies.


Message History

The small abomination hits you.
A starcursed mass splits.
The neqoxec barely misses you. Mlioglotl hits you!
* * * LOW HITPOINT WARNING * * *
Mlioglotl tramples you.
* * * LOW HITPOINT WARNING * * *
You hold your ground!
The crystal guardian hits you but does no damage.
Unknown command.
Unknown command.
Unknown command.
Aiming: Bolt of Light
Press: ? - help, Shift-Dir - straight line, f/p - Mlioglotl
Aim: Mlioglotl (almost dead, strong, inspiring fear, misshapen and mutated, 90% to hit)
The bolt of light hits Mlioglotl!
Mlioglotl is almost dead.
Mlioglotl is blinded.
The bolt of light hits the bog body!
The bog body is moderately damaged.
You block the sun demon's attack.
You block the small abomination's attack.
Mlioglotl hits you but does no damage. Mlioglotl tramples you!
* * * LOW HITPOINT WARNING * * *
You hold your ground!
The neqoxec hits you but does no damage.
The crystal guardian hits you but does no damage.
Unknown command.
Unknown command.
Unknown command.
Unknown command.
You attempt to attack Mlioglotl, but flinch away in fear!
The shadow dragon skeleton disappears in a puff of smoke!
You block the small abomination's attack.
You block Mlioglotl's attack.
Mlioglotl tramples you but does no damage.
The sun demon barely misses you. The neqoxec gestures at you.
Something gnaws heavily on your mind!
* * * LOW HITPOINT WARNING * * *
You feel your power leaking away. The crystal guardian hits you!!
You die...

~.~~..♣.~........~
..~.~♣#~............
$§~.#§~...###.#.##.
♣.~X4[..(.....#....
.X.♣~~...#......#.
♣♣JX~§~#......#....
♣.n5~~....##.#####.
♣9X3~~.~.##.÷.... .
♣♣†@X§~.~.....#...
♣♣♣.x3♣..#...########$
♣....♣♣♣.~............
♣..)§.♣
♣.~~.~.........
♣..~§~.♣
♣♣...§).~♣♣♣♣♣.
♣§$.§~~~♣ ♣♣>.~~~♣♣
...>.~♣♣§♣ ♣♣~~..♣
♣..?♣♣ ♣~♣ ♣.~.♣♣ ♣.♣♣
♣~♣ ♣♣~♣♣


You could see 3 starcursed masses, Mlioglotl (strong, scary, blind, unable to
see you, misshapen), a crystal guardian (summoned), a sun demon (summoned), an
orange demon (summoned, wandering), a large abomination (summoned), a bog body,
a neqoxec (summoned), a small abomination (summoned), a jelly (summoned) and a
shadow imp (summoned).

Vanquished Creatures
  Jorgrun (Swamp:1)
  Frances (Swamp:1)
  Gastronok (D:12)
  Kirke (Lair:5)
  A frost giant (D:15)
  An ironbound preserver (D:13)
  An orc warlord (Orc:1)
  Nessos (D:12)
  A minotaur (Gauntlet)
  A dire elephant (Lair:5)
  A bunyip (Swamp:1)
  A fire dragon (Lair:5)
  Snorg (Orc:1)
  8 hydras
  A two-headed ogre (D:13)
  2 catoblepae (Lair:5)
  A demonspawn (Orc:2)
  3 centaur warriors
  2 boulder beetles
  7 death yaks
  A tengu warrior (D:13)
  5 orc high priests (Orc:2)
  Sonja (Orc:1)
  A sixfirhy (Orc:2)
  4 skysharks
  A goliath frog (Swamp:1)
  A swamp dragon (Lair:5)
  2 bog bodies (Swamp:1)
  Pikel (D:4)
  An orange crystal statue (D:11)
  A lindwurm (Lair:5)
  6 orc knights
  4 deep elf pyromancers
  6 orc sorcerers (Orc:2)
  7 manticores
  3 wolf spiders (Orc:1)
  8 ugly things
  An oklob plant (Lair:1)
  4 cyclopes
  2 rust devils (D:9)
  A moth of wrath (Gauntlet)
  A kobold blastminer (Orc:2)
  32 elephants
  4 black mambas (Lair:5)
  An orange demon (Orc:2)
  11 cane toads
  A gargoyle (D:11)
  3 unseen horrors (D:11)
  4 kobold demonologists (D:11)
  9 rime drakes
  Psyche (D:8)
  A tengu conjurer (D:15)
  A freezing wraith (D:15)
  12 komodo dragons
  2 efreet (D:14)
  3 ice devils
  A tyrant leech (Gauntlet)
  6 trolls
  4 hornets
  11 blink frogs
  6 slime creatures (D:15)
  4 dream sheep (Lair:4)
  A vampire (D:10)
  2 spriggans
  2 shadows
  3 wraiths
  A ynoxinul (Orc:2)
  5 wyverns
  57 yaks
  9 basilisks
  3 hogs (Lair:5)
  2 steam dragons (D:8)
  2 neqoxecs (D:9)
  A steam dragon (shapeshifter) (D:15)
  21 vampire mosquitoes
  2 wargs (Orc:1)
  A redback (Orc:1)
  5 swamp worms
  2 nagas (Lair:2)
  8 acid dragons
  14 water moccasins
  34 orc warriors
  An ice beast (D:6)
  3 swamp drakes
  9 ogres
  2 black bears
  19 wolves
  12 centaurs
  2 phantoms
  8 kobold brigands
  2 scorpions
  8 bullfrogs
  A gnoll sergeant (D:8)
  8 wights
  10 killer bees
  7 howler monkeys
  2 electric eels
  A bombardier beetle (D:6)
  A gnoll bouda (D:9)
  A hound (D:7)
  25 orc priests
  A sleepcap (D:5)
  A jelly (D:5)
  3 iguanas
  29 orc wizards
  Robin (D:4)
  16 gnolls
  14 adders
  2 shadow imps
  4 white imps
  6 ufetubi (D:5)
  3 dart slugs
  2 ribbon worms
  71 orcs
  5 bats
  6 endoplasms
  2 giant cockroaches
  24 goblins
  4 hobgoblins
  12 jackals
  2 quokkas (D:1)
  12 ball pythons
  3 frilled lizards
  A giant cockroach zombie (D:3)
  29 kobolds
  A quokka zombie (D:3)
  4 rats
  A spectral goblin (D:6)
772 creatures vanquished.

Vanquished Creatures (collateral kills)
  An orc warlord (Bailey)
  A dire elephant (Lair:2)
  An elephant (Lair:2)
3 creatures vanquished.

Vanquished Creatures (others)
  21 fulminant prisms
21 creatures vanquished.

Grand Total: 796 creatures vanquished

Notes
Turn   | Place    | Note
-------+----------+-------------------------------------------
     0 | D:1      | BubbleThief the Naga Alchemist began the quest for the Orb.
     0 | D:1      | Reached XP level 1. HP: 15/15 MP: 3/3
   379 | D:1      | Reached XP level 2. HP: 22/22 MP: 5/5
   457 | D:1      | Reached skill level 4 in Alchemy
  1191 | D:2      | Reached XP level 3. HP: 25/28 MP: 3/6
  1360 | D:2      | Learned a level 3 spell: Mephitic Cloud
  1403 | D:2      | Found a basalt altar of Yredelemnul.
  1648 | D:2      | Reached XP level 4. HP: 36/36 MP: 5/7
  1675 | D:2      | Reached skill level 5 in Alchemy
  1680 | D:2      | Learned a level 4 spell: Olgreb's Toxic Radiance
  2364 | D:3      | Found Oreuklum's Weapon Shoppe.
  2374 | D:3      | Reached XP level 5. HP: 42/42 MP: 6/9
  2780 | D:3      | Found a basalt altar of Yredelemnul.
  2833 | D:3      | Identified the +2 robe of Inevitability {Int+2 Dex+3}
  3286 | D:4      | Noticed a kobold brigand
  3441 | D:4      | Found a staircase to the Ecumenical Temple.
  3448 | D:4      | Noticed Robin
  3453 | D:4      | Killed Robin
  3455 | D:4      | Killed a kobold brigand
  3456 | D:4      | Reached skill level 6 in Alchemy
  3456 | D:4      | Reached XP level 6. HP: 33/49 MP: 1/10
  3742 | D:4      | Noticed a black bear
  3752 | D:4      | Killed a black bear
  3799 | D:5      | Entered Level 5 of the Dungeon
  3840 | D:5      | Noticed a water moccasin
  3863 | D:5      | Learned a level 4 spell: Sticky Flame
  3883 | D:5      | Killed a water moccasin
  3884 | D:5      | Reached skill level 7 in Alchemy
  3884 | D:5      | Reached XP level 7. HP: 23/55 MP: 0/12
  4294 | D:5      | Reached skill level 8 in Alchemy
  4424 | D:5      | Reached skill level 1 in Fighting
  4473 | D:5      | Reached XP level 8. HP: 66/66 MP: 6/14
  4794 | D:5      | Noticed a hornet
  4799 | D:5      | Killed a hornet
  4800 | D:5      | Reached skill level 5 in Spellcasting
  5107 | Temple   | Entered the Ecumenical Temple
  5133 | Temple   | Became a worshipper of Vehumet
  5249 | D:4      | Noticed Pikel
  5255 | D:4      | Killed Pikel
  5256 | D:4      | Reached skill level 9 in Alchemy
  5256 | D:4      | Reached XP level 9. HP: 72/78 MP: 7/17
  5896 | D:6      | Reached skill level 10 in Alchemy
  5960 | D:6      | Reached skill level 5 in Fighting
  6337 | D:6      | Reached * piety under Vehumet
  6337 | D:6      | Offered knowledge of Foxfire by Vehumet.
  6384 | D:6      | Found a hazy altar of Hepliaklqana.
  6525 | D:6      | Found a stormy altar of Qazlal.
  6588 | D:6      | Identified the +2 leather armour of the Lost Path {-Tele
                  | rPois Will+ SInv}
  6633 | D:6      | Found a shimmering altar of Xom.
  6637 | D:6      | Found a sparkling altar of Nemelex Xobeh.
  6637 | D:6      | Found a shimmering blue altar of Sif Muna.
  6650 | D:6      | Found a glowing golden altar of the Shining One.
  6653 | D:6      | Found an iron altar of Okawaru.
  6742 | D:7      | Found a sacrificial altar of Ru.
  6808 | D:7      | Found a flagged portal.
  6820 | Bailey   | Entered a bailey
  6825 | Bailey   | Noticed an orc warlord
  6853 | Bailey   | Offered knowledge of Magic Dart by Vehumet.
  6854 | Bailey   | Reached ** piety under Vehumet
  6877 | Bailey   | Reached XP level 10. HP: 92/98 MP: 19/19
  6888 | Bailey   | Found a runed translucent gate.
  6888 | Bailey   | Found a runed translucent gate.
  6889 | Bailey   | Found a runed translucent gate.
  7098 | Bailey   | Killed an orc warlord
  7300 | Bailey   | Identified the +7 mace of Arrival {elec, rElec Stlth+}
  7313 | Bailey   | Identified the +5 shortbow of the Shoals {antimagic, Fly}
  7395 | D:7      | Found a transporter.
  7402 | D:7      | Reached skill level 10 in Fighting
  7461 | D:7      | Found a roughly hewn altar of Beogh.
  7461 | D:7      | Found a transporter.
  7838 | D:8      | Found a snail-covered altar of Cheibriados.
  8188 | D:8      | Noticed Psyche
  8194 | D:8      | Killed Psyche
  8428 | D:8      | Reached XP level 11. HP: 109/114 MP: 17/20
  8828 | D:9      | Found Sowumifi's Magic Scroll Boutique.
  8834 | D:9      | Bought a scroll of teleportation for 39 gold pieces
  8834 | D:9      | Bought a scroll of blinking for 97 gold pieces
  8902 | D:9      | Found the +8 Wrath of Trog {antimagic, *Rage Rampage}
  8909 | D:9      | Offered knowledge of Stone Arrow by Vehumet.
  8942 | D:9      | Reached *** piety under Vehumet
  9123 | D:9      | Noticed a cyclops
  9182 | D:10     | Entered Level 10 of the Dungeon
  9763 | D:10     | Offered knowledge of Dazzling Flash by Vehumet.
  9975 | D:10     | Found a shadowy altar of Dithmenos.
 10316 | D:10     | Found a staircase to the Lair.
 10749 | Lair:1   | Entered Level 1 of the Lair of Beasts
 10759 | Lair:1   | Reached skill level 15 in Fighting
 10891 | Lair:1   | Noticed a seven-headed hydra
 10984 | Lair:2   | Reached XP level 12. HP: 62/130 MP: 11/21
 11235 | Lair:2   | Reached **** piety under Vehumet
 11236 | Lair:2   | Reached skill level 5 in Conjurations
 11369 | Lair:2   | Found a staircase to the Snake Pit.
 11577 | Lair:2   | Reached skill level 11 in Alchemy
 11599 | Lair:2   | Offered knowledge of Iskenderun's Battlesphere by Vehumet.
 11707 | Lair:2   | Noticed a dire elephant
 11718 | Lair:2   | Killed a dire elephant
 11923 | Lair:2   | Reached skill level 12 in Alchemy
 12172 | Lair:2   | Reached skill level 1 in Shields
 12276 | Lair:2   | Noticed a skyshark
 12289 | Lair:2   | Killed a skyshark
 12410 | Lair:2   | Found a staircase to the Swamp.
 12421 | Lair:2   | Gained mutation: You can use your snake-like lower body to
                  | constrict enemies. [Naga growth]
 12421 | Lair:2   | Reached XP level 13. HP: 101/138 MP: 21/26
 13086 | Lair:3   | Reached skill level 5 in Shields
 14277 | Lair:4   | Reached ***** piety under Vehumet
 14279 | Lair:4   | Offered knowledge of Lee's Rapid Deconstruction by Vehumet.
 15255 | Lair:4   | Found a staircase to the Slime Pits.
 15732 | Lair:4   | Identified the +3 scale mail of Inevitability {rF+}
 15838 | Lair:5   | Entered Level 5 of the Lair of Beasts
 15893 | Lair:5   | Reached skill level 10 in Shields
 15980 | Lair:5   | Identified the +8 quarterstaff of the Jester {flame, Str-4
                  | Dex+6 SInv}
 16125 | Lair:5   | Reached XP level 14. HP: 134/147 MP: 21/27
 16248 | Lair:5   | Noticed a dire elephant
 16258 | Lair:5   | Killed a dire elephant
 16262 | Lair:5   | Found a runed translucent gate.
 16262 | Lair:5   | Found a runed translucent gate.
 16262 | Lair:5   | Found a runed translucent gate.
 16277 | Lair:5   | Noticed Gadrel's ghost (journeyman TrCA)
 16970 | Lair:5   | Noticed Kirke
 16981 | Lair:5   | Killed Kirke
 17708 | Lair:5   | Found the +5 moon troll leather armour {Spirit, Regen++
                  | MP+5}
 17914 | Lair:5   | Learned a level 5 spell: Irradiate
 18124 | Lair:5   | Offered knowledge of Fulminant Prism by Vehumet.
 18135 | Lair:5   | Learned a level 4 spell: Fulminant Prism
 18160 | Lair:5   | Identified 2 scrolls of acquirement
 19711 | D:9      | Reached XP level 15. HP: 154/154 MP: 28/28
 19718 | D:9      | Reached skill level 13 in Alchemy
 19986 | D:9      | Found a transporter.
 19986 | D:9      | Found a white marble altar of Elyvilon.
 19988 | D:9      | Found a transporter.
 20548 | D:11     | Found a gate leading to a gauntlet.
 20558 | Gauntlet | Entered a Gauntlet
 20558 | Gauntlet | Found a transporter.
 20558 | Gauntlet | Found a transporter.
 20582 | Gauntlet | Found a transporter.
 20597 | Gauntlet | Found a transporter.
 20597 | Gauntlet | Found a transporter.
 20599 | Gauntlet | Found a transporter.
 20599 | Gauntlet | Found a transporter.
 20600 | Gauntlet | Found a transporter.
 20611 | Gauntlet | Found a transporter.
 20627 | Gauntlet | Found a transporter.
 20637 | Gauntlet | Found a transporter.
 20651 | Gauntlet | Found a transporter.
 20671 | Gauntlet | Found a transporter.
 20674 | Gauntlet | Found a runed translucent gate.
 20674 | Gauntlet | Found a runed translucent gate.
 20674 | Gauntlet | Found a runed translucent gate.
 20683 | Gauntlet | Found a transporter.
 20790 | Gauntlet | Offered knowledge of Freezing Cloud by Vehumet.
 20809 | Gauntlet | Identified the +0 helmet "Kiylaeh" {rN+}
 20895 | Gauntlet | Identified the +1 plate armour "Jefiozxu" {rPois rF+ Dex+2}
 20907 | Gauntlet | Got Doukuga's Quarto of the Bright Swarm
 21639 | D:11     | Found a staircase to the Orcish Mines.
 21707 | Orc:1    | Entered Level 1 of the Orcish Mines
 21748 | Orc:1    | Found a roughly hewn altar of Beogh.
 21789 | Orc:2    | Entered Level 2 of the Orcish Mines
 22039 | Orc:2    | Reached skill level 14 in Alchemy
 22090 | Orc:2    | Found a staircase to the Elven Halls.
 22167 | Orc:2    | Found Qieffaga's General Store.
 22177 | Orc:2    | Found Dagiqeirph's General Store.
 22180 | Orc:2    | Offered knowledge of Starburst by Vehumet.
 22233 | Orc:2    | Bought a scroll of fear for 64 gold pieces
 22235 | Orc:2    | Bought a scroll of teleportation for 48 gold pieces
 22235 | Orc:2    | Bought a scroll of blinking for 120 gold pieces
 22235 | Orc:2    | Bought a scroll of blinking for 120 gold pieces
 22597 | Orc:2    | Found Ramyodgh's Antique Armour Emporium.
 22597 | Orc:2    | Found a one-way gate leading to the halls of Pandemonium.
 22597 | Orc:2    | Found Ciuvoet's Book Shoppe.
 22602 | Orc:2    | Reached skill level 10 in Conjurations
 22608 | Orc:2    | Bought a pair of runed gloves for 255 gold pieces
 22816 | Orc:2    | Found a roughly hewn altar of Beogh.
 23035 | Orc:1    | Noticed Snorg
 23039 | Orc:1    | Found Moufog's Assorted Antiques.
 23042 | Orc:1    | Killed Snorg
 23043 | Orc:1    | Reached skill level 15 in Alchemy
 23075 | Orc:1    | Bought a scroll of teleportation for 81 gold pieces
 23075 | Orc:1    | Bought a scroll labelled UVVAOS MUASHRA for 27 gold pieces
 23075 | Orc:1    | Bought a scroll labelled APRIMA YKUODI for 27 gold pieces
 23075 | Orc:1    | Bought a potion of curing for 81 gold pieces
 23400 | Orc:1    | Noticed Sonja
 23405 | Orc:1    | Killed Sonja
 23405 | Orc:1    | Offered knowledge of Yara's Violent Unravelling by Vehumet.
 23417 | Orc:1    | Learned a level 5 spell: Yara's Violent Unravelling
 23490 | Orc:1    | Noticed an orc warlord
 23503 | Orc:1    | Killed an orc warlord
 23923 | D:12     | Noticed Gastronok
 23936 | D:12     | Killed Gastronok
 23994 | D:12     | Identified the +0 robe of Zackaomp {rElec}
 24426 | D:12     | Noticed Nessos
 24434 | D:12     | Killed Nessos
 24435 | D:12     | Reached XP level 16. HP: 161/163 MP: 22/29
 25008 | D:13     | Reached skill level 16 in Alchemy
 25096 | D:13     | Found a gate to the Vaults.
 25239 | D:13     | Found Nioqutea's Magic Scroll Shoppe.
 25257 | D:13     | Bought a scroll of enchant weapon for 120 gold pieces
 25257 | D:13     | Bought a scroll of enchant weapon for 120 gold pieces
 25257 | D:13     | Bought a scroll of enchant weapon for 120 gold pieces
 25257 | D:13     | Bought a scroll of poison for 64 gold pieces
 25406 | D:13     | Identified the +10 halberd of Eweic {drain, rElec}
 25417 | D:13     | Found an ornate altar of the Wu Jian Council.
 25644 | D:14     | You fall into a shaft and drop 1 floor!
 25644 | D:15     | Entered Level 15 of the Dungeon
 25659 | D:15     | Learned a level 8 spell: Fulsome Fusillade
 25971 | D:15     | Offered knowledge of Plasma Beam by Vehumet.
 26742 | D:15     | Found a staircase to the Depths.
 27207 | D:14     | Learned a level 4 spell: Ignite Poison
 27341 | D:14     | Reached skill level 17 in Alchemy
 27587 | D:13     | Acquired the amulet "Heqacsak" {Spirit rN+ MP+9 Stlth-}
 27592 | D:13     | Acquired the amulet of Sadage {rPois rF+ RegenMP+ SInv}
 27608 | D:13     | Acquired 1123 gold pieces
 27732 | Lair:1   | Reached skill level 10 in Spellcasting
 27732 | Lair:1   | Reached XP level 17. HP: 170/170 MP: 31/31
 27803 | Swamp:1  | Entered Level 1 of the Swamp
 27864 | Swamp:1  | Noticed Frances
 27875 | Swamp:1  | Killed Frances
 27923 | Swamp:1  | Noticed Jorgrun
 27930 | Swamp:1  | Killed Jorgrun
 27962 | Swamp:1  | Noticed Mlioglotl
 27980 | Swamp:1  | Mangled by a crystal guardian

Illustrated notes

Levels and vault maps discovered:
D:1:      dpeg_arrival_signposts, layout_loops_corners
D:2:      layout_rooms, basic_altar, dk_vineyard_3, minmay_snake_closets
D:3:      layout_basic, lemuel_zombie_altar_yredelemnul, serial_shops,
          nicolae_shop_just_a_little_nook, grunt_ministairs_7
D:4:      layout_gridville, minmay_temple_entry_from_below_a, uniq_robin,
          uniq_pikel
D:5:      kennysheep_big_flooded_room, layout_basic
D:6:      layout_rooms, grunt_qazlal_clouds,
          nicolae_hepliaklqana_monster_ancestors,
          minmay_overflow_temple_star_hex
D:7:      gammafunk_beogh_shrine, layout_cave_pools,
          nicolae_overflow_hidden_temple, enter_bailey_3
D:8:      layout_loops_ring, kennysheep_slug_shrine, uniq_psyche
D:9:      layout_roguey, elyvilon_altar_4, serial_shops,
          nicolae_shop_rolling_square, nicolae_neqoxec_dot_bat
D:10:     minmay_spotlight, layout_layer_cave, grunt_dithmenos_smoke,
          david_lair_generic
D:11:     layout_roguey, erik_orc_1, gauntlet_entry_generic,
          corexii_leaking_fountain, minmay_statue_bubble
D:12:     layout_basic, kennysheep_cross_bottleneck, uniq_gastronok, uniq_nessos
D:13:     layout_rooms, skrybe_vaults_entry_preservation, serial_shops,
          nicolae_shop_hallway_stairs, nzn_wu_jian_contemplation
D:14:     layout_loops_ring
D:15:     hellmonk_depths_entry_around_the_bend, layout_rooms,
          nicolae_kite_square_tiling_tiny, corner_web_ring
Temple:   jpeg_temple_alley_garden
Lair:1:   statuecave_lemuel, layout_cave_pods, nicolae_quartered_pool_impasse,
          beast_lair_carwin_2
Lair:2:   mu_elephants_graveyard, layout_cellular_growth,
          minmay_swamp_entry_worms, guppyfry_snake_entry_garden
Lair:3:   layout_loops_ring, infiniplex_staircase_pool_2, grunt_megastairs_1
Lair:4:   layout_layer_cave, slime_entry_1
Lair:5:   hangedman_lair_in_review, layout_small_grid, guppyfry_lair_end_dragon,
          ebering_ghost_rock_garden, uniq_kirke
Swamp:1:  layout_falls_marsh, evilmike_swamp_ruin_house_1, uniq_jorgrun,
          uniq_mlioglotl, uniq_frances
Orc:1:    nicolae_orc_accident_3, layout_diamond_mine, serial_shops,
          nicolae_shop_dealshenge, basic_altar, uniq_snorg, uniq_sonja
Orc:2:    pf_orc_diabolical, layout_diamond_mine, basic_altar

Skill      XL: |  1  2  3  4  5  6  7  8  9 10 11 12 13 14 15 16 |
---------------+-------------------------------------------------+-----
Alchemy        | 4 5 6 7 8 9 10 12 15 17 | 17.0
Conjurations   | 2 3 4 6 7 11 12 | 12.0
Spellcasting   | 3 4 5 6 9 10 | 10.5
Fighting       | 1 4 8 12 15 | 15.4
Shields        | 2 10 13 | 13.7
Dodging        | |  1.5
Stealth        | |  3.0

Action                     |  1- 3 |  4- 6 |  7- 9 | 10-12 | 13-15 | 16-18 || total
---------------------------+-------+-------+-------+-------+-------+-------++-------
  Melee: Short sword       |     2 |    27 |   159 |    10 |       |       ||   198
         Mace              |       |       |       |   149 |   383 |   121 ||   653
         Constrict         |       |       |       |       |   136 |    38 ||   174
   Cast: Sting             |    36 |    40 |    28 |    35 |    44 |     1 ||   184
         Olgreb's Toxic Ra |       |     6 |    17 |    51 |   111 |    19 ||   204
         Mephitic Cloud    |       |     1 |     5 |    26 |    28 |     2 ||    62
         Sticky Flame      |       |     1 |    10 |    29 |   105 |    48 ||   193
         Fulminant Prism   |       |       |       |       |    16 |     5 ||    21
         Irradiate         |       |       |       |       |    13 |     9 ||    22
         Ignite Poison     |       |       |       |       |       |     2 ||     2
         Fulsome Fusillade |       |       |       |       |       |     2 ||     2
         Yara's Violent Un |       |       |       |       |       |     1 ||     1
Ability: Spit Poison       |    32 |    33 |    28 |    64 |    65 |    11 ||   233
  Evoke: Wand              |       |       |       |       |     3 |     1 ||     4
         Phantom mirror    |       |       |       |       |       |     1 ||     1
    Use: Potion            |       |     1 |       |       |     4 |     1 ||     6
         Scroll            |       |       |     2 |     9 |    12 |     9 ||    32
   Stab: Sleeping          |       |       |     2 |     2 |     1 |       ||     5
         Confused          |       |       |     3 |     7 |    13 |       ||    23
         Invisible         |       |       |       |       |     4 |       ||     4
         Petrified         |       |       |       |       |     3 |       ||     3
 Armour: Robe              |    17 |    64 |   129 |   206 |   210 |       ||   626
         Troll leather arm |       |       |       |       |   263 |   328 ||   591
  Dodge: Dodged            |     5 |    29 |    79 |   114 |   169 |    59 ||   455
  Block: Kite shield       |       |       |       |     2 |   263 |    87 ||   352
         Buckler           |       |       |       |       |   102 |    74 ||   176

Table legend: (Time is in decaauts)
 A = Elapsed time spent in this place.
 B = Non-inter-level travel time spent in this place.
 C = Inter-level travel time spent in this place.
 D = Time resting spent in this place.
 E = Time spent auto-exploring this place.
 F = Levels seen in this place.
 G = Mean time per level.
                   A        B        C        D        E       F      G
               +--------+--------+--------+--------+--------+-----+--------+
         Total |  35122 |  33016 |   2106 |    651 |  26256 |  26 | 1350.8 |
       Dungeon |  20307 |  19072 |   1235 |    115 |  15777 |  15 | 1353.8 |
        Temple |     71 |     38 |     33 |      0 |      0 |   1 |   71.0 |
          Lair |  10729 |  10191 |    538 |    402 |   7967 |   5 | 2145.8 |
         Swamp |    216 |    216 |      0 |      0 |    111 |   1 |  216.0 |
  Orcish Mines |   2693 |   2395 |    298 |      0 |   1798 |   2 | 1346.5 |
        Bailey |    600 |    600 |      0 |      0 |    422 |   1 |  600.0 |
      Gauntlet |    504 |    504 |      0 |    134 |    179 |   1 |  504.0 |
               +--------+--------+--------+--------+--------+-----+--------+

Top non-repeatable levels by time:
  Lair:5: 2996 daAuts
  Lair:2: 2467 daAuts
    D:10: 2098 daAuts
  Lair:4: 2097 daAuts
     D:5: 1646 daAuts
   Orc:2: 1637 daAuts
  Lair:3: 1615 daAuts
  Lair:1: 1553 daAuts
    D:15: 1526 daAuts
     D:9: 1526 daAuts
     D:4: 1511 daAuts
     D:3: 1500 daAuts
     D:1: 1488 daAuts
    D:11: 1416 daAuts
     D:8: 1207 daAuts
